 Dungeon Crawl Stone Soup version 0.30-a0-777-ga9a30cbeda (webtiles) character file.

Game seed: 7024659701654262802

2197895 snackwell the Conqueror (level 27, 200/218 HPs)
             Began as a Gargoyle Fighter on Feb 12, 2023.
             Was the Champion of Trog.
             Escaped with the Orb
             ... and 4 runes on Feb 14, 2023!
             The game lasted 05:11:00 (75720 turns).

snackwell the Conqueror (Gargoyle Fighter)         Turns: 75720, Time: 05:11:01

Health: 200/218    AC: 57    Str: 35    XL:     27
Magic:  18/18      EV: 28    Int: 12    God:    Trog [******]
Gold:   5425       SH: 26    Dex: 12    Spells: 26/26 levels left

rFire   + + .      SeeInvis +    a - +9 eveningstar (drain)
rCold   + . .      Faith    .    A - +3 tower shield {rC+}
rNeg    + + .      Spirit   .    S - +8 fire dragon scales
rPois   ∞          Reflect  .    L - +2 helmet
rElec   +          Harm     .    f - +2 cloak {rPois}
rCorr   +          Rampage  +    H - +2 pair of gloves {Str+3}
Will    +++++      Clarity  +    D - +2 pair of boots {rampage}
Stlth   +                        u - amulet of the Four Winds {rN+ Will+++ Clar}
HPRegen 0.56/turn                i - ring "Xipologg" {rCorr EV+5 Str+5 Int-2 SInv}
MPRegen 0.16/turn                h - ring "Zihen" {Will+ EV+5 Dex+3}

@: flying, studying Ranged Weapons
A: sickness immunity, AC +20, big wings, negative energy resistance 1,
electricity resistance, torment resistance 1, petrification resistance, cold
resistance 1, low MP 2, robust 1, weak 1, no potion heal 1
0: Orb of Zot
}: 4/15 runes: decaying, serpentine, slimy, silver
a: Renounce Religion, Berserk, Trog's Hand, Brothers in Arms


You escaped.
You worshipped Trog.
Trog was exalted by your worship.
You visited 10 branches of the dungeon, and saw 52 of its levels.
You visited the Abyss 1 time.
You also visited: Sewer, Ossuary, Gauntlet and Ice Cave.

You collected 7967 gold pieces.
You spent 2542 gold pieces at shops.

Inventory:

Hand Weapons
 a - a +9 eveningstar of draining (weapon)
   (You found it on level 6 of the Dungeon)
 b - the +10 morningstar "Eos" {elec, Halo rElec}
   (You found it on level 2 of the Depths)

   Halo:      It grants its wielder a halo, revealing invisible creatures and
   increasing accuracy against all within it other than the wielder.
   rElec:     It insulates you from electricity.
Missiles
 c - 6 boomerangs of dispersal
 k - a silver boomerang (quivered)
 r - 5 javelins
 s - 8 silver javelins
 J - a throwing net
 O - 8 curare-tipped darts
Armour
 f - a +2 cloak of poison resistance (worn)
   (You found it in a Gauntlet)
 A - a +3 tower shield of cold resistance (worn)
   (You found it in an ice cave)
 D - a +2 pair of boots of rampaging (worn)
   (You found it on level 5 of the Pits of Slime)
 H - a +2 pair of gloves of strength (worn)
   (You bought it in a shop on level 8 of the Dungeon)
 L - a +2 helmet (worn)
   (You found it in an ice cave)
 S - +8 fire dragon scales (worn)
   (You took it off Margery on level 4 of the Vaults)
Jewellery
 h - the ring "Zihen" (right hand) {Will+ EV+5 Dex+3}
   (You took it off a deep elf zephyrmancer on level 3 of the Elven Halls)

   [ring of evasion]

   EV:        It affects your evasion (+5).
   Dex:       It affects your dexterity (+3).
   Will:      It increases your willpower.
 i - the ring "Xipologg" (left hand) {rCorr EV+5 Str+5 Int-2 SInv}
   (You found it on level 5 of the Pits of Slime)

   [ring of evasion]

   EV:        It affects your evasion (+5).
   Str:       It affects your strength (+5).
   Int:       It affects your intelligence (-2).
   SInv:      It lets you see invisible.
   rCorr:     It protects you from acid and corrosion.
 t - the ring "Bamminoi" {rC++ Will+ MP+9 SInv}
   (You took it off a vault warden on level 5 of the Vaults)

   [ring of see invisible]

   rC:        It greatly protects you from cold.
   MP:        It affects your magic capacity (+9).
   SInv:      It lets you see invisible.
   Will:      It increases your willpower.
 u - the amulet of the Four Winds (around neck) {rN+ Will+++ Clar}
   (You took it off a deep elf sorcerer on level 3 of the Elven Halls)

   [amulet of nothing]

   rN:        It protects you from negative energy.
   Clar:      It protects you against confusion.
   Will:      It greatly increases your willpower.
Wands
 p - a wand of acid (15)
   (You found it on level 5 of the Pits of Slime)
 B - a wand of digging (8)
   (You found it on level 2 of the Vaults)
 G - a wand of flame (71)
   (You took it off an orc on level 6 of the Dungeon)
 I - a wand of charming (31)
   (You found it on level 2 of the Lair of Beasts)
 K - a wand of iceblast (31)
   (You found it on level 6 of the Dungeon)
 V - a wand of mindburst (55)
   (You found it on level 2 of the Abyss)
Scrolls
 e - 13 scrolls of teleportation
 m - 6 scrolls of fear
 o - 14 scrolls of poison
 y - 7 scrolls of magic mapping
 Q - 12 scrolls of fog
 R - 5 scrolls of blinking
 X - 7 scrolls of silence
Potions
 d - 5 potions of might
 l - 10 potions of lignification
 n - 17 potions of curing
 q - 2 potions of magic
 v - 4 potions of resistance
 z - 3 potions of mutation
 C - 3 potions of ambrosia
 E - 4 potions of haste
 F - 4 potions of cancellation
 M - 6 potions of berserk rage
 P - 6 potions of invisibility
 W - 2 potions of heal wounds
Miscellaneous
 j - a box of beasts
   (You found it on level 5 of the Pits of Slime)
 w - a phantom mirror
   (You found it on level 1 of the Vaults)
 N - a phial of floods
   (You found it in an ice cave)
 U - a condenser vane
   (You bought it in a shop on level 3 of the Elven Halls)
 Z - a lightning rod (4/4)
   (You found it on level 2 of the Elven Halls)


   Skills:
 O Level 27 Fighting
 + Level 18.6 Maces & Flails
 + Level 15.1 Throwing
 + Level 16.9 Armour
 - Level 19.0 Dodging
 - Level 8.8 Stealth
 - Level 23.9 Shields
 - Level 9.2 Evocations


You had 26 spell levels left.
You didn't know any spells.
Your spell library contained the following spells:

 Spells                   Type           Power      Damage    Failure   Level
 Magic Dart               Conj           0%         1d3       58%         1
 Searing Ray              Conj           0%         2d4       75%         2
 Fulminant Prism          Conj/Hex       0%         3d5       100%        4


Dungeon Overview and Level Annotations

Branches:
Dungeon (15/15)            Temple (0/1) D:5            Lair (5/5) D:10
  Swamp (4/4) Lair:3        Snake (4/4) Lair:3        Slime (5/5) Lair:4
    Orc (2/2) D:12            Elf (3/3) Orc:2        Vaults (5/5) D:14
  Crypt (0/3) Vaults:2     Depths (4/4) D:15            Zot (5/5) Depths:4
  Sewer (visited)         Ossuary (visited)           IceCv (visited)
Gauntlet (visited)

Altars:
Cheibriados
Elyvilon
Fedhas
Gozag
Kikubaaqudgha
Nemelex Xobeh
Okawaru
Qazlal
Sif Muna
Trog
Uskayaw
Vehumet
Yredelemnul
Zin
The Shining One
Jiyva
Lugonu

Shops:
D:6 *   D:8 [   D:9 *   D:10 *   D:13 *   Orc:2 !?!=   Elf:3 *   Snake:1 :*
Snake:2 [=   Snake:4 ::=   Vaults:1 (   Vaults:2 !*   Vaults:3 !

Portals:
Hell: Depths:1 Depths:2 Depths:3 Depths:4
Abyss: Lair:5 Depths:3
Pandemonium: Depths:2
Ziggurat: Depths:3
Trove: Depths:3 (give +4 storm dragon scales)

Annotations:
Lair:5 1 runed translucent door, indyram44's ghost, journeyman DsFi
Elf:1 1 runed translucent door
Depths:4 1 exclusion


Innate Abilities, Weirdness & Mutations

You are immune to sickness and miasma.
Your stone body is resilient. (AC +20)
You are immune to poison.
Your large and strong wings let you fly.
You resist negative energy. (rN+)
You are resistant to electric shocks. (rElec)
You are resistant to unholy torment.
You are immune to petrification.
Your flesh is cold resistant. (rC+)
Your magical capacity is very low. (-20% MP)
You are robust. (+10% HP)
You are weak. (Str -2)
Potions are less effective at restoring your health.


Message History

You block the Executioner's attack. The Executioner closely misses you.
The Executioner completely misses you. You block the Executioner's attack. x3
You completely miss the Executioner.
The Executioner is heavily wounded.
The Executioner closely misses you. You block the Executioner's attack. x3
The Executioner barely misses you. You block the Executioner's attack. x2
The Executioner completely misses you.
The Executioner hits you but does no damage.
You hammer the Executioner like a gong!!!
You kill the Executioner!
Trog accepts your kill.
No target in view!
The +10 morningstar "Eos" {elec, Halo rElec} stops crackling.
You sense an unholy aura.
a - a +9 eveningstar of draining (weapon)
You fly upwards.
There is a stone staircase leading down here.
Things that are here:
7 poisoned darts; a +0 whip
There is a stone staircase leading up here.
You fly upwards.
There is a stone staircase leading down here.
There is an escape hatch in the ceiling here.
Really go through this one-way escape hatch?
A mysterious force pulls you upwards. The hatch slams shut behind you.
A large abomination comes into view.
You block the large abomination's attack.
You impale the large abomination!!
The large abomination is heavily damaged.
You impale the large abomination!!
The large abomination is almost destroyed.
You block the large abomination's attack.
You sock the large abomination!
You destroy the large abomination!
Trog accepts your kill.
No target in view!
Unknown command.
There is a staircase leading out of the dungeon here.
What are your orders? t - Shout!
Orders for allies: a - Attack new target. r - Retreat! s - Stop attacking. g - Guard the area. f - Follow me.
Anything else - Cancel.
You shout for attention!
Really quaff the potion of mutation?
You feel extremely strange.
Your large bone plates disappear.
You feel your surroundings grow louder.
Your talons dull and shrink into feet.
You feel robust.
You have escaped!

#.# ##.####..# #..≈..# #.# #.#
#........###.≈.≈.####.####### #.#
#..#####.##..≈.≈...........).
..###..#####.#..≈..≈..#.#########
##...........#.≈...≈..#.#
#.##..####....≈...≈..#.##
#.##..###..≈≈.≈.......#.#
#.##..##..≈...≈.≈....#.#########
##.##.....≈....≈@.≈...#..........
#...#.#....§....§.≈...#.######.##
.....###....≈≈≈≈≈.≈...#.# #.#
#...#.#.###.......≈.§.#.# #.##
##.###.####..#.§...≈§§..# #.#.
#...........#..≈.§≈....# #.#.
###########.###.§.≈...#######.#.
#.# #.≈.≈...........#. #.#
#..≈..###########.


There were no monsters in sight!

Vanquished Creatures
  the Royal Jelly (Slime:5)
  2 ancient liches (Zot:5)
  Mara (Depths:1)
  4 orbs of fire
  6 juggernauts
  Josephina (Zot:3)
  A Killer Klown (Zot:4)
  A caustic shrike (Depths:3)
  3 curse toes
  9 golden dragons
  A bone dragon (Swamp:4)
  Nikola (Swamp:2)
  The ghost of Zvl3 the Crack Shot, an adept MiHu of Wu Jian (Elf:3)
  3 titans
  An Ice Fiend (Depths:3)
  20 tentacled monstrosities
  4 walking divine tomes
  24 Orb Guardians
  3 deep elf blademasters
  2 liches
  A walking frostbound tome (Depths:3)
  A walking earthen tome (Depths:3)
  7 quicksilver dragons
  A deep elf master archer (Elf:3)
  23 acid blobs
  13 death cobs
  Agnes (Elf:1)
  5 sphinxes
  2 Executioners
  A thorn hunter (Swamp:3)
  Kirke (Snake:1)
  The ghost of Pooter the Severer, an adept MiBe of Trog (Elf:1)
  7 tengu reavers
  12 storm dragons
  10 shadow dragons
  8 draconian monks
  Roxanne (Elf:3)
  5 azure jellies
  5 nagarajas
  2 fenstrider witches (Swamp:3)
  A daeva (Abyss:2)
  8 rockslimes
  7 frost giants
  7 deep elf sorcerers
  23 vault wardens
  Aizul (Snake:3)
  13 fire giants
  5 draconian knights
  An orc warlord (Vaults:3)
  11 draconian stormcallers
  12 draconian scorchers
  3 ghouls
  11 draconian annihilators
  5 deep elf elementalists (Elf:3)
  7 draconian shifters
  2 ironbound thunderhulks
  18 ironbound preservers
  A quicksilver ooze (shapeshifter) (Vaults:5)
  4 war gargoyles
  6 quicksilver oozes
  17 stone giants
  34 very ugly things
  A spriggan defender (Depths:2)
  11 black draconians
  10 green draconians
  2 demonspawn black suns
  4 vampire knights (Depths:2)
  5 spark wasps
  6 deep elf demonologists
  6 deep elf annihilators
  16 red draconians
  5 eleionomae
  A minotaur (Gauntlet)
  16 dire elephants
  The ghost of Jogov the Destroyer, a journeyman DgHW (D:14)
  12 white draconians
  23 yellow draconians
  9 purple draconians
  A bunyip (Swamp:4)
  Snorg (D:11)
  6 deep elf death magi
  15 yaktaur captains
  14 ettins
  A shambling mangrove (Swamp:3)
  3 entropy weavers
  4 fire dragons
  6 rakshasas
  8 deep elf high priests
  11 hydras
  6 great orbs of eyes
  3 ghost crabs
  A hell beast (Zot:2)
  5 spriggan air magi
  9 ice dragons
  A peacekeeper (Vaults:3)
  36 vault guards
  4 salamander tyrants (Snake:4)
  5 ironbound frosthearts
  3 ogre magi
  9 centaur warriors
  8 anacondas
  A boulder beetle (Lair:2)
  30 dancing weapons
  A death knight (D:12)
  6 naga warriors
  4 vampire magi
  6 two-headed ogres
  6 naga sharpshooters
  5 tengu warriors
  14 alligators
  6 death yaks
  5 deep troll earth magi
  4 deep troll shamans
  4 thrashing horrors (Lair:5)
  6 orc high priests
  A titan zombie (Depths:2)
  5 shock serpents
  12 deep elf knights
  7 spriggan berserkers
  A sun demon (Abyss:2)
  4 iron trolls
  Amaemon (Lair:2)
  14 hell knights
  2 sixfirhies
  3 skeletal warriors
  47 deep trolls
  A spark wasp zombie (D:15)
  6 spriggan druids
  2 sea snakes (Snake:1)
  A skyshark (Lair:3)
  A glowing orange brain (shapeshifter) (Depths:2)
  5 bog bodies
  7 goliath frogs
  4 naga ritualists
  7 salamander mystics
  A lindwurm (Vaults:2)
  2 flayed ghosts
  4 glowing orange brains
  3 phantasmal warriors
  3 swamp dragons
  An anaconda skeleton (Abyss:2)
  2 obsidian statues
  18 ironbound convokers
  9 wizards
  10 deep elf archers
  2 starcursed masses (Abyss:2)
  31 deep elf pyromancers
  8 mana vipers
  5 orc knights
  6 necromancers
  28 deep elf zephyrmancers
  A sphinx zombie (Depths:2)
  2 manticores (D:12)
  A sphinx skeleton (Depths:2)
  50 ugly things
  A fire giant zombie (D:15)
  A frost giant zombie (D:15)
  20 salamanders
  4 cyclopes
  A manticore (shapeshifter) (Lair:5)
  3 orc sorcerers
  2 will-o-the-wisps (Swamp:4)
  21 elephants
  2 shining eyes
  36 moths of wrath
  An oklob plant (Zot:1)
  2 elephants (shapeshifter)
  5 guardian serpents
  13 vault sentinels
  An eye of devastation (shapeshifter) (Vaults:5)
  9 naga magi
  6 smoke demons
  A fire giant skeleton (Depths:2)
  An iron dragon skeleton (Depths:2)
  A rust devil (Abyss:2)
  3 ice statues
  A torpor snail (shapeshifter) (Elf:3)
  27 black mambas
  3 eyes of devastation (Slime:5)
  A torpor snail (Lair:5)
  An orange demon (Lair:2)
  4 cane toads
  8 unseen horrors (Depths:3)
  7 rime drakes
  5 swamp worm zombies (Swamp:4)
  A yaktaur (shapeshifter) (Vaults:5)
  8 komodo dragons
  33 yaktaurs
  A minotaur zombie (Gauntlet)
  2 kobold demonologists
  2 freezing wraiths
  A tormentor (Zot:3)
  2 efreet
  2 hydra zombies (Swamp:4)
  A guardian mummy (Depths:3)
  5 tengu conjurers
  5 ice devils
  3 trolls
  2 ancient zymes
  3 meliai (D:13)
  A tarantella (Vaults:3)
  A wind drake (shapeshifter) (Vaults:5)
  A hellwing (Abyss:2)
  2 wolf spider simulacra (D:14)
  9 tyrant leeches
  5 polar bears
  Grinder (D:3)
  16 blink frogs (Lair:5)
  3 alligator zombies (Swamp:4)
  16 hornets
  9 large abominations
  11 dream sheep
  A raiju (Gauntlet)
  4 spectral swamp dragons (Swamp:4)
  5 air elementals
  68 slime creatures
  A spriggan skeleton (D:15)
  4 centaur simulacra (D:14)
  15 spriggans
  4 shadows
  A vampire (D:12)
  6 wraiths
  34 yaks
  2 ynoxinuls (Lair:5)
  3 fire elementals
  9 humans (D:14)
  6 water elementals
  5 wyverns
  A chaos spawn (Abyss:2)
  5 golden eyes
  A neqoxec (Abyss:2)
  6 basilisks
  4 steam dragons
  6 redbacks
  A death yak simulacrum (IceCv)
  A purple draconian simulacrum (Zot:4)
  13 vampire mosquitoes
  2 red draconian simulacra (Zot:4)
  3 wargs (Elf:3)
  31 nagas
  A black draconian simulacrum (Zot:4)
  13 swamp worms
  A hydra simulacrum (IceCv)
  3 floating eyes (shapeshifter)
  5 water moccasins
  A swamp drake (D:12)
  5 black bears
  32 orc warriors
  2 meliai simulacra (D:14)
  5 swamp dragon zombies (Swamp:4)
  9 ice beasts
  9 ogres
  5 boggarts (Vaults:2)
  19 wolves
  14 centaurs
  14 kobold brigands
  A gnoll sergeant (D:10)
  7 bullfrogs
  3 scorpions
  4 earth elementals
  2 necrophages
  A water moccasin zombie (Ossuary)
  A wyvern zombie (Ossuary)
  7 wights (D:8)
  A hornet simulacrum (D:14)
  17 small abominations
  10 killer bees
  A howler monkey (D:8)
  18 electric eels
  7 bullfrog zombies (Ossuary)
  2 centaur zombies (Ossuary)
  32 jellies
  42 orc priests
  5 hounds
  13 mummies (Ossuary)
  Jessica (D:3)
  Ijyb (D:4)
  5 iguanas
  45 orc wizards
  2 spectral swamp drakes (Swamp:4)
  16 hell rats
  A wolf simulacrum (IceCv)
  2 killer bee zombies (Ossuary)
  3 howler monkey zombies (Ossuary)
  2 swamp drake zombies (Swamp:4)
  9 gnolls
  14 adders
  A white imp (Lair:2)
  4 ufetubi
  4 worms
  3 dart slugs (D:1)
  88 orcs
  15 endoplasms
  4 giant cockroaches
  14 goblins
  4 hobgoblins
  3 jackals (D:4)
  2 quokkas
  14 ball pythons
  6 bats
  5 frilled lizards
  30 kobolds
  6 rats
  A spectral kobold (D:2)
  A spectral orc (D:5)
2294 creatures vanquished.

Vanquished Creatures (collateral kills)
  Margery (Vaults:4)
  Bai Suzhen (Swamp:4)
  A curse toe (Zot:1)
  Mlioglotl (Snake:1)
  A thorn hunter (Swamp:3)
  4 nagarajas (Snake:3)
  An azure jelly (Slime:5)
  4 quicksilver oozes (Slime:5)
  An ironbound thunderhulk (Vaults:1)
  A bunyip (Swamp:3)
  A vault guard (Vaults:3)
  A centaur warrior (Vaults:3)
  An anaconda (Snake:3)
  The ghost of lotum the Thaumaturge, a journeyman OpEE of Gozag (D:9)
  A mana viper (Snake:1)
  3 moths of wrath
  A naga mage (Snake:3)
  A yaktaur (Vaults:4)
  A naga (Snake:1)
  2 necrophages (Swamp:4)
  5 killer bees (D:9)
34 creatures vanquished.

Vanquished Creatures (others)
  A very ugly thing (Vaults:1)
  A boulder beetle (Vaults:1)
  A deep elf knight (Elf:1)
  A goliath frog (Swamp:2)
  A swamp dragon (Swamp:3)
  A wizard (Vaults:3)
  3 deep elf zephyrmancers (Elf:1)
  A deep elf pyromancer (Elf:1)
  An ancient zyme (Abyss:2)
  9 bloated husks
  A spriggan (Lair:5)
  A steam dragon (Gauntlet)
  3 humans (Snake:1)
  A swamp worm (Swamp:2)
  A water moccasin (D:9)
  A centaur (D:13)
  6 phantoms (Swamp:4)
  A small abomination (Abyss:2)
  A killer bee (D:9)
  A bush (Snake:4)
  14 demonic plants (Gauntlet)
  20 foxfires (Swamp:4)
  38 fungi
  63 plants
  9 withered plants
181 creatures vanquished.

Grand Total: 2509 creatures vanquished

Notes
Turn   | Place    | Note
-------+----------+-------------------------------------------
     0 | D:1      | snackwell the Gargoyle Fighter began the quest for the Orb.
     0 | D:1      | Reached XP level 1. HP: 14/14 MP: 1/1
   169 | D:1      | Reached XP level 2. HP: 19/19 MP: 2/2
   660 | D:1      | You fall into a shaft and drop 1 floor!
   749 | D:1      | Reached XP level 3. HP: 18/24 MP: 3/3
   971 | D:2      | Reached skill level 4 in Fighting
   994 | D:2      | Found a faded altar of an unknown god.
  1003 | D:2      | Prayed at the altar of an unknown god.
  1003 | D:2      | Became a worshipper of Trog the Wrathful
  1003 | D:2      | Reached * piety under Trog
  1379 | D:2      | Found a shimmering blue altar of Sif Muna.
  1812 | D:3      | Reached XP level 4. HP: 30/30 MP: 4/4
  1946 | D:3      | Reached XP level 5. HP: 17/34 MP: 5/5
  2087 | D:3      | Reached ** piety under Trog
  2088 | D:3      | Reached skill level 5 in Fighting
  2114 | D:3      | Noticed Jessica
  2118 | D:3      | Killed Jessica
  2190 | D:3      | Noticed Grinder
  2218 | D:3      | Killed Grinder
  2219 | D:3      | Reached skill level 6 in Fighting
  2219 | D:3      | Reached skill level 5 in Maces & Flails
  2219 | D:3      | Reached XP level 6. HP: 41/41 MP: 6/6
  2771 | D:4      | Reached XP level 7. HP: 47/47 MP: 7/7
  2822 | D:4      | Found a glowing golden altar of the Shining One.
  2822 | D:4      | Found an iron altar of Okawaru.
  2958 | D:4      | Found an opulent altar of Gozag.
  3186 | D:4      | Noticed Ijyb
  3277 | D:4      | Killed Ijyb
  3428 | D:4      | Found a shimmering blue altar of Sif Muna.
  3466 | D:5      | Entered Level 5 of the Dungeon
  3479 | D:5      | Reached skill level 7 in Fighting
  3523 | D:5      | Reached *** piety under Trog
  3788 | D:5      | Found a staircase to the Ecumenical Temple.
  3815 | D:5      | Found a basalt altar of Yredelemnul.
  3948 | D:5      | Found a radiant altar of Vehumet.
  4255 | D:6      | Reached XP level 8. HP: 45/53 MP: 8/8
  4306 | D:6      | Reached skill level 8 in Fighting
  4705 | D:6      | Found a glowing drain.
  4766 | Sewer    | Entered a sewer
  4956 | Sewer    | Found a viscous altar of Jiyva.
  5195 | D:6      | Found a snail-covered altar of Cheibriados.
  5298 | D:6      | Found a bloodstained altar of Trog.
  5314 | D:6      | Reached skill level 9 in Fighting
  5316 | D:6      | Reached XP level 9. HP: 60/60 MP: 9/9
  5376 | D:6      | Found a sparkling altar of Nemelex Xobeh.
  5593 | D:6      | Found Zin's Purification Station.
  5596 | D:6      | Found a glowing silver altar of Zin.
  5970 | D:7      | Reached skill level 5 in Armour
  5999 | D:7      | Reached **** piety under Trog
  6016 | D:7      | Found a stormy altar of Qazlal.
  6106 | D:7      | Identified the +0 ring mail of Fun and Games {-Tele rCorr
                  | SInv}
  6517 | D:7      | Identified the +1 ring mail of the Boiling Point {Will+
                  | Slay+2}
  6648 | D:8      | Reached skill level 10 in Fighting
  6862 | D:8      | Reached XP level 10. HP: 68/68 MP: 10/10
  6963 | D:8      | Found a sand-covered staircase.
  6970 | Ossuary  | Entered an ossuary
  7207 | Ossuary  | Reached skill level 11 in Fighting
  7456 | D:8      | Found Futwen's Armour Shop.
  7527 | D:8      | Bought a +1 pair of gloves of strength for 247 gold pieces
  7619 | D:8      | Reached skill level 10 in Maces & Flails
  8018 | D:9      | Identified the +3 chain mail of Weirdness {rN+ MP+9 Int+2}
  8186 | D:9      | Noticed a kobold demonologist
  8196 | D:9      | Killed a kobold demonologist
  8213 | D:9      | Reached ***** piety under Trog
  8235 | D:9      | Reached skill level 12 in Fighting
  8414 | D:9      | Noticed lotum's ghost (journeyman OpEE)
  8415 | D:9      | Found a transporter.
  8468 | D:9      | Noticed a moth of wrath
  8484 | D:9      | Found a transporter.
  8502 | D:9      | Reached XP level 11. HP: 59/76 MP: 11/11
  8804 | D:9      | Found a blossoming altar of Fedhas.
  8824 | D:9      | Found Bogryur's Overcharged Wands.
  8963 | D:10     | Entered Level 10 of the Dungeon
  8996 | D:10     | Found Igrotykh's Assorted Antiques.
  9004 | D:10     | Bought a scroll of identify for 54 gold pieces
  9011 | D:10     | Found a hide-covered altar of Uskayaw.
  9491 | D:10     | Found a staircase to the Lair.
  9692 | D:10     | Reached skill level 13 in Fighting
 10306 | D:11     | Noticed Snorg
 10455 | D:11     | Noticed a two-headed ogre
 10557 | D:11     | Killed a two-headed ogre
 10611 | D:11     | Killed Snorg
 11246 | D:11     | Noticed a cyclops
 11256 | D:11     | Killed a cyclops
 11860 | Lair:1   | Entered Level 1 of the Lair of Beasts
 11888 | Lair:1   | HP: 3/79 [black mamba (13)]
 12401 | Lair:1   | Reached skill level 5 in Shields
 12538 | Lair:1   | Identified the +9 glaive "Daedefez" {heavy, rF+} (Trog
                  | gifted it to you on level 1 of the Lair of Beasts)
 12538 | Lair:1   | Received a gift from Trog
 12551 | Lair:1   | Reached XP level 12. HP: 76/84 MP: 12/12
 12705 | Lair:1   | Reached skill level 14 in Fighting
 13384 | Lair:2   | Reached skill level 1 in Evocations
 13586 | Lair:2   | Noticed Amaemon
 13626 | Lair:2   | Killed Amaemon
 13928 | Lair:2   | Noticed a boulder beetle
 13938 | Lair:2   | Killed a boulder beetle
 15575 | Lair:3   | Found a staircase to the Swamp.
 15799 | Lair:3   | Reached XP level 13. HP: 90/90 MP: 13/13
 16027 | Lair:3   | Found a staircase to the Snake Pit.
 16360 | Lair:3   | Reached skill level 5 in Evocations
 16576 | Lair:4   | Found a staircase to the Slime Pits.
 17738 | Lair:5   | Entered Level 5 of the Lair of Beasts
 17758 | Lair:4   | Reached skill level 10 in Shields
 17904 | Lair:5   | Received a gift from Trog
 17955 | Lair:5   | Reached skill level 15 in Maces & Flails
 18183 | Lair:5   | Found a runed translucent door.
 18184 | Lair:5   | Noticed indyram44's ghost (journeyman DsFi)
 18359 | Lair:5   | Gained mutation: Your large and strong wings let you fly.
                  | [Gargoyle growth]
 18359 | Lair:5   | Reached XP level 14. HP: 86/96 MP: 14/14
 18923 | Lair:5   | Found a corrupted altar of Lugonu.
 18923 | Lair:5   | Found a one-way gate to the infinite horrors of the Abyss.
 19973 | D:12     | Found a frozen archway.
 20025 | IceCv    | Entered an ice cave
 20257 | IceCv    | Found a transporter.
 20278 | IceCv    | Found a transporter.
 20306 | IceCv    | Received a gift from Trog
 20802 | Abyss:2  | Cast into level 2 of the Abyss (a wizard)
 20863 | Abyss:2  | Reached skill level 1 in Stealth
 21015 | Abyss:2  | Noticed a lich
 21029 | Abyss:2  | Killed a lich
 21030 | Abyss:2  | Reached skill level 5 in Stealth
 21030 | Abyss:2  | Noticed a daeva
 21038 | Abyss:2  | Reached XP level 15. HP: 100/100 MP: 15/15
 21047 | Abyss:2  | Killed a daeva
 21247 | D:12     | Escaped the Abyss
 21414 | D:12     | Found a staircase to the Orcish Mines.
 22455 | Orc:1    | Entered Level 1 of the Orcish Mines
 23103 | Orc:2    | Entered Level 2 of the Orcish Mines
 23137 | Orc:2    | Reached ****** piety under Trog
 23204 | Orc:2    | Found a staircase to the Elven Halls.
 23540 | Orc:2    | Received a gift from Trog
 24061 | Orc:2    | Found Toih's Magic Scroll Shop.
 24063 | Orc:2    | Found Zokuihei's Distillery.
 24065 | Orc:2    | Found Xycs's Distillery.
 24075 | Orc:2    | Found Beosuf's Jewellery Boutique.
 24113 | Orc:2    | Bought a scroll of enchant weapon for 105 gold pieces
 24113 | Orc:2    | Bought a scroll of brand weapon for 133 gold pieces
 24113 | Orc:2    | Bought a scroll of enchant weapon for 105 gold pieces
 24423 | Orc:2    | Bought a scroll of teleportation for 42 gold pieces
 24423 | Orc:2    | Bought a scroll of enchant armour for 105 gold pieces
 24423 | Orc:2    | Bought a scroll of fog for 56 gold pieces
 24423 | Orc:2    | Bought a scroll of teleportation for 42 gold pieces
 24423 | Orc:2    | Bought a scroll of magic mapping for 105 gold pieces
 24425 | Orc:2    | Bought a potion of heal wounds for 90 gold pieces
 24904 | Snake:1  | Entered Level 1 of the Snake Pit
 24944 | Snake:1  | Found Gucas's Book Emporium.
 24991 | Snake:1  | Reached skill level 15 in Fighting
 25209 | Snake:1  | Received a gift from Trog
 25232 | Snake:1  | Noticed Mlioglotl
 25249 | Snake:1  | Killed Mlioglotl
 25511 | Snake:1  | Found Ukhugi's General Store.
 25520 | Snake:1  | Bought 2 silver boomerangs for 156 gold pieces
 25520 | Snake:1  | Bought a scroll of butterflies for 52 gold pieces
 25520 | Snake:1  | Bought a potion of haste for 130 gold pieces
 25553 | Snake:1  | Noticed Kirke
 25561 | Snake:1  | Killed Kirke
 25562 | Snake:1  | Reached XP level 16. HP: 101/108 MP: 16/16
 26208 | Snake:2  | Reached skill level 10 in Armour
 26681 | Snake:2  | Found Matt's Jewellery Emporium.
 26681 | Snake:2  | Found Visesm's Antique Armour Shoppe.
 27128 | Snake:2  | Reached skill level 16 in Fighting
 27382 | Snake:3  | Identified the +10 demon blade "Gack" {flame, rF+ rN+
                  | Will+} (Trog gifted it to you on level 3 of the Snake Pit)
 27382 | Snake:3  | Received a gift from Trog
 27495 | Snake:3  | Noticed a nagaraja
 27496 | Snake:3  | Noticed a nagaraja
 27499 | Snake:3  | Noticed a nagaraja
 27499 | Snake:3  | Noticed a nagaraja
 27503 | Snake:3  | Noticed a nagaraja
 27504 | Snake:3  | Noticed Aizul
 27506 | Snake:3  | Noticed a nagaraja
 27507 | Snake:3  | Killed a nagaraja
 27507 | Snake:3  | Killed a nagaraja
 27510 | Snake:3  | Killed a nagaraja
 27513 | Snake:3  | Killed a nagaraja
 27515 | Snake:3  | Killed a nagaraja
 27517 | Snake:3  | Killed a nagaraja
 27525 | Snake:3  | Killed Aizul
 27526 | Snake:3  | Reached skill level 15 in Shields
 27746 | Snake:4  | Entered Level 4 of the Snake Pit
 27983 | Snake:4  | Noticed a nagaraja
 27990 | Snake:4  | Killed a nagaraja
 28722 | Snake:4  | Found Menuts's Book Shoppe.
 28723 | Snake:4  | Found Heojevvo's Jewellery Shop.
 28724 | Snake:4  | Found Mowiempo's Book Shoppe.
 29084 | Snake:4  | Received a gift from Trog
 29085 | Snake:4  | Reached XP level 17. HP: 89/116 MP: 17/17
 29325 | Snake:4  | Reached skill level 17 in Fighting
 29904 | Snake:4  | Got a serpentine rune of Zot
 30161 | Swamp:1  | Entered Level 1 of the Swamp
 30809 | Swamp:1  | Received a gift from Trog
 31181 | Swamp:1  | Upgraded the game from 0.30-a0-772-g5528072125 to
                  | 0.30-a0-777-ga9a30cbeda
 31323 | Swamp:2  | Noticed Nikola
 31420 | Swamp:2  | Killed Nikola
 31662 | Swamp:2  | Reached skill level 1 in Throwing
 32004 | Swamp:3  | Noticed a tentacled monstrosity
 32027 | Swamp:3  | Killed a tentacled monstrosity
 33016 | Swamp:3  | Paralysed by a fenstrider witch for 3 turns
 33026 | Swamp:3  | Paralysed by a fenstrider witch for 5 turns
 33037 | Swamp:3  | Received a gift from Trog
 33256 | Swamp:3  | Reached skill level 18 in Fighting
 33456 | Swamp:4  | Entered Level 4 of the Swamp
 33600 | Swamp:3  | Reached XP level 18. HP: 113/125 MP: 18/18
 34358 | Swamp:4  | Noticed Bai Suzhen
 34371 | Swamp:4  | Killed Bai Suzhen
 35074 | Swamp:4  | Noticed a bone dragon
 35112 | Swamp:4  | Killed a bone dragon
 35205 | Swamp:4  | Got a decaying rune of Zot
 35668 | D:13     | Found Radgheuc's General Store.
 35669 | D:13     | Found a gate leading to a gauntlet.
 35689 | Gauntlet | Entered a Gauntlet
 35689 | Gauntlet | Found a large runed translucent door.
 35689 | Gauntlet | Found a large runed translucent door.
 35689 | Gauntlet | Found a large runed translucent door.
 35689 | Gauntlet | Found a large runed translucent door.
 35689 | Gauntlet | Found a large runed translucent door.
 35689 | Gauntlet | Found a large runed translucent door.
 35689 | Gauntlet | Found a runed translucent door.
 35689 | Gauntlet | Found a transporter.
 35689 | Gauntlet | Found a transporter.
 35689 | Gauntlet | Found a runed translucent door.
 35689 | Gauntlet | Found a large runed translucent door.
 35689 | Gauntlet | Found a large runed translucent door.
 35689 | Gauntlet | Found a large runed translucent door.
 35689 | Gauntlet | Found a large runed translucent door.
 35689 | Gauntlet | Found a large runed translucent door.
 35689 | Gauntlet | Found a large runed translucent door.
 35694 | Gauntlet | Found a transporter.
 35702 | Gauntlet | Found a transporter.
 35726 | Gauntlet | Found a transporter.
 35735 | Gauntlet | Found a transporter.
 35736 | Gauntlet | Found a transporter.
 35748 | Gauntlet | Found a transporter.
 35751 | Gauntlet | Found the +2 pair of slick slippers {slick, slippery, EV+5}
 35777 | Gauntlet | Found a transporter.
 35786 | Gauntlet | Found a transporter.
 35803 | Gauntlet | Found a transporter.
 35807 | Gauntlet | Found a large runed translucent door.
 35808 | Gauntlet | Found a large runed translucent door.
 35811 | Gauntlet | Found a runed translucent gate.
 35815 | Gauntlet | Found a runed translucent gate.
 35815 | Gauntlet | Found a transporter.
 35816 | Gauntlet | Found a runed translucent gate.
 35832 | Gauntlet | Found a large runed translucent door.
 35833 | Gauntlet | Found a large runed translucent door.
 35861 | Gauntlet | Found a transporter.
 35879 | Gauntlet | Found a transporter.
 35984 | Gauntlet | Found a transporter.
 35998 | Gauntlet | Found a transporter.
 36103 | Gauntlet | Reached skill level 5 in Throwing
 36927 | D:14     | Received a gift from Trog
 37030 | D:14     | Found a gate to the Vaults.
 37042 | D:14     | Identified the +9 arbalest of Orefya {penet, rC+}
 37111 | D:14     | Found a runed translucent gate.
 37111 | D:14     | Found a runed translucent gate.
 37111 | D:14     | Found a runed translucent gate.
 37128 | D:14     | Found a glowing golden altar of the Shining One.
 37280 | D:14     | Noticed Jogov's ghost (journeyman DgHW)
 37632 | D:14     | Killed Jogov's ghost
 37719 | D:14     | Got the ring "Kebiengi" {Fire rN++}
 37730 | D:14     | Identified the +5 scale mail of the Villain {rC+ rCorr
                  | Str+9 Dex-4}
 37782 | D:15     | Entered Level 15 of the Dungeon
 37936 | D:15     | Found a staircase to the Depths.
 38123 | D:15     | Received a gift from Trog
 38193 | D:15     | Reached skill level 15 in Armour
 38202 | D:15     | Identified the +2 chain mail of the Hot Ocelot {rC+ Will+
                  | Regen+}
 38879 | Elf:1    | Entered Level 1 of the Elven Halls
 39031 | Elf:1    | Paralysed by an air elemental for 1 turns
 39032 | Elf:1    | Reached skill level 19 in Fighting
 39032 | Elf:1    | Reached XP level 19. HP: 119/132 MP: 19/19
 39041 | Elf:1    | Reached skill level 1 in Dodging
 39108 | Elf:1    | Noticed Agnes
 39348 | Elf:1    | Killed Agnes
 39388 | Elf:1    | Received a gift from Trog
 39576 | Elf:1    | Found a runed translucent door.
 39577 | Elf:1    | Noticed Pooter's ghost (adept MiBe)
 40038 | Elf:1    | Found a runed translucent door.
 40293 | Elf:1    | Killed Pooter's ghost
 40635 | Elf:2    | Received a gift from Trog
 40780 | Elf:2    | Paralysed by an air elemental for 1 turns
 40909 | Elf:2    | Found a huge runed translucent gate.
 40909 | Elf:2    | Found a huge runed translucent gate.
 40909 | Elf:2    | Found a huge runed translucent gate.
 40909 | Elf:2    | Found a huge runed translucent gate.
 40909 | Elf:2    | Found a huge runed translucent gate.
 41799 | Elf:2    | Received a gift from Trog
 41921 | Elf:3    | Entered Level 3 of the Elven Halls
 41921 | Elf:3    | Noticed Roxanne
 42151 | Elf:3    | Found an opulent altar of Gozag.
 42152 | Elf:3    | Found a runed translucent gate.
 42153 | Elf:3    | Found a runed translucent gate.
 42153 | Elf:3    | Found a runed translucent gate.
 42153 | Elf:3    | Noticed Zvl3's ghost (adept MiHu)
 42156 | Elf:3    | Found Timiyxer's Assorted Antiques.
 42680 | Elf:3    | Killed Zvl3's ghost
 43016 | Elf:3    | Killed Roxanne
 43017 | Elf:3    | Reached skill level 5 in Dodging
 43143 | Elf:3    | Reached XP level 20. HP: 140/140 MP: 20/20
 43293 | Elf:3    | Reached skill level 20 in Fighting
 43321 | Elf:3    | Identified the +7 great mace of Lugg {flame, rElec rC+
                  | Will++ rCorr} (Trog gifted it to you on level 3 of the
                  | Elven Halls)
 43321 | Elf:3    | Received a gift from Trog
 43500 | Elf:3    | Identified the +10 demon trident of Wu Jian's Pride {elec,
                  | rF+ rN+}
 43500 | Elf:3    | Identified the ring "Zihen" {Will+ EV+5 Dex+3}
 43875 | Elf:3    | Noticed a Tzitzimitl
 43973 | Elf:3    | Identified the +6 trident "Empaujun" {heavy, rF+ rN++}
 44017 | Elf:3    | Identified the +4 double sword of the Dancing Shrike
                  | {freeze, rC+ Int+4}
 44247 | Elf:3    | Identified the ring of Laif {Fly rCorr EV+5}
 44497 | Elf:3    | Bought a condenser vane for 1120 gold pieces
 44870 | Vaults:1 | Entered Level 1 of the Vaults
 45133 | Vaults:1 | Received a gift from Trog
 45447 | Vaults:1 | Found Syexouj's Weapon Shoppe.
 46514 | Vaults:2 | Found Xoirre's Assorted Antiques.
 46706 | Vaults:2 | Reached skill level 10 in Throwing
 46752 | Vaults:2 | Received a gift from Trog
 46815 | Vaults:2 | Reached XP level 21. HP: 125/148 MP: 21/21
 47317 | Vaults:2 | Found a staircase to the Crypt.
 47663 | Vaults:2 | Found Ujacapna's Distillery.
 48167 | Vaults:3 | Reached skill level 21 in Fighting
 48229 | Vaults:3 | Received a gift from Trog
 48576 | Vaults:3 | Found Lovvycic's Distillery.
 48710 | Vaults:3 | Identified the +11 halberd of Afyr Xal {heavy, *Slow Will+
                  | Str+2}
 49446 | Vaults:3 | Received a gift from Trog
 50451 | Vaults:4 | Reached XP level 22. HP: 154/156 MP: 22/22
 50920 | Vaults:4 | Noticed Margery
 51146 | Vaults:4 | Received a gift from Trog
 51489 | Vaults:4 | Killed Margery
 52098 | D:9      | Killed lotum's ghost
 52099 | D:9      | Reached skill level 22 in Fighting
 52681 | Slime:1  | Entered Level 1 of the Pits of Slime
 52952 | Slime:4  | Gained mutation: You are vulnerable to heat. (rF-) [a
                  | shining eye]
 52964 | Slime:4  | Gained mutation: You occasionally lose the ability to read
                  | scrolls when taking damage. [a shining eye]
 53081 | Lair:1   | Lost mutation: You occasionally lose the ability to read
                  | scrolls when taking damage. [potion of mutation]
 53081 | Lair:1   | Lost mutation: You are vulnerable to heat. (rF-) [potion of
                  | mutation]
 53081 | Lair:1   | Gained mutation: You are weak. (Str -2) [potion of
                  | mutation]
 53081 | Lair:1   | Gained mutation: You are partially covered in large bone
                  | plates. (SH +4) [potion of mutation]
 53081 | Lair:1   | Gained mutation: You are mostly covered in large bone
                  | plates. (SH +6) [potion of mutation]
 53221 | Slime:5  | Entered Level 5 of the Pits of Slime
 53443 | Slime:5  | Reached skill level 10 in Dodging
 53470 | Slime:5  | Received a gift from Trog
 54216 | Slime:5  | Noticed the Royal Jelly
 54218 | Slime:5  | Found a viscous altar of Jiyva.
 54224 | Slime:5  | Identified a scroll of acquirement
 54256 | Slime:5  | Killed the Royal Jelly
 54360 | Slime:5  | Identified the amulet "Trusted Companion" {Spirit -Tele
                  | rF++ Regen+}
 54382 | Slime:5  | Identified the ring "Xipologg" {rCorr EV+5 Str+5 Int-2
                  | SInv}
 54405 | Slime:5  | Acquired a manual of Dodging
 54412 | Slime:5  | Identified the +8 mace "Zenk" {flame, Str+2}
 54415 | Slime:5  | Identified the +1 falchion of Action {protect, MP+9 Str+3
                  | Dex-3}
 54418 | Slime:5  | Identified the +9 mace "Zukengem" {protect, Fragile rF+
                  | rC++ Dex-4}
 54431 | Slime:5  | Identified the +1 sling "Killer Bee's Bane" {flame, rPois
                  | rF+ rC+}
 54448 | Slime:5  | Got a slimy rune of Zot
 54716 | Depths:1 | Entered Level 1 of the Depths
 54763 | Depths:1 | Found an ancient bone altar of Kikubaaqudgha.
 55077 | Depths:1 | Found a gateway to Hell.
 55125 | Depths:1 | Noticed Mara
 55155 | Depths:1 | Noticed snackwell's illusion
 55166 | Depths:1 | Killed Mara
 55167 | Depths:1 | Reached XP level 23. HP: 101/164 MP: 23/23
 55176 | Depths:1 | Received a gift from Trog
 55391 | Depths:1 | Found a white marble altar of Elyvilon.
 55743 | Depths:2 | Noticed a juggernaut
 55764 | Depths:2 | Killed a juggernaut
 55765 | Depths:2 | Reached skill level 23 in Fighting
 55857 | Depths:2 | Noticed a juggernaut
 55882 | Depths:2 | Killed a juggernaut
 56368 | Depths:2 | Found the +10 morningstar "Eos" {elec, Halo rElec}
 56371 | Depths:2 | Noticed a golden dragon
 56387 | Depths:2 | Killed a golden dragon
 56716 | Depths:2 | Received a gift from Trog
 56920 | Depths:2 | Noticed a juggernaut
 56942 | Depths:2 | Killed a juggernaut
 57117 | Depths:2 | Found a one-way gate leading to the halls of Pandemonium.
 57471 | Depths:3 | Found a one-way gateway to a ziggurat.
 57519 | Depths:3 | Noticed a golden dragon
 57526 | Depths:3 | Killed a golden dragon
 57893 | Depths:3 | Found a portal to a secret trove of treasure.
 58549 | Depths:3 | Noticed a golden dragon
 58553 | Depths:3 | Killed a golden dragon
 58554 | Depths:3 | Reached skill level 24 in Fighting
 58819 | Depths:3 | Noticed a caustic shrike
 58827 | Depths:3 | Killed a caustic shrike
 59064 | Depths:3 | Reached XP level 24. HP: 173/173 MP: 23/23
 59073 | Depths:3 | Noticed a juggernaut
 59082 | Depths:3 | Killed a juggernaut
 59101 | Depths:3 | Reached skill level 15 in Dodging
 59242 | Depths:3 | Noticed a juggernaut
 59259 | Depths:3 | Killed a juggernaut
 59458 | Depths:4 | Entered Level 4 of the Depths
 59471 | Depths:4 | Received a gift from Trog
 59471 | Depths:4 | Noticed a juggernaut
 59492 | Depths:4 | Killed a juggernaut
 60711 | Depths:4 | Found a gate to the Realm of Zot.
 61032 | Depths:4 | Reached skill level 25 in Fighting
 61482 | Vaults:5 | Entered Level 5 of the Vaults
 61511 | Vaults:5 | Received a gift from Trog
 61512 | Vaults:5 | Identified the +8 sling of World's End {antimagic, rElec
                  | rF- Stlth+}
 61648 | Vaults:5 | Identified the ring of Qanoasa {rElec rPois rF+}
 61670 | Vaults:5 | Reached XP level 25. HP: 162/182 MP: 23/23
 61771 | Vaults:5 | Received a gift from Trog
 61961 | Vaults:5 | Identified the +1 chain mail "Lados" {+Blink rC+}
 62316 | Vaults:5 | Identified the +0 leather armour of Tuph {rElec rF+++ Str-3
                  | SInv}
 62319 | Vaults:5 | Identified the +4 chain mail of the Pits of Slime {rElec
                  | rF+ Dex+8 Stlth-}
 62350 | Vaults:5 | Identified the amulet "Wudom" {Spirit Str+3}
 62383 | Vaults:5 | Identified the +9 morningstar of the Common Good {flame,
                  | *Corrode rPois rC+++ Str-4} (Trog gifted it to you on level
                  | 5 of the Vaults)
 62383 | Vaults:5 | Received a gift from Trog
 62384 | Vaults:5 | Identified the ring "Bamminoi" {rC++ Will+ MP+9 SInv}
 62669 | Vaults:5 | Reached skill level 26 in Fighting
 62837 | Vaults:5 | Got a silver rune of Zot
 63524 | Zot:1    | Entered Level 1 of the Realm of Zot
 63961 | Zot:1    | Identified the +3 flail of Hacking and Slashing {heavy,
                  | rPois} (Trog gifted it to you on level 1 of the Realm of
                  | Zot)
 63961 | Zot:1    | Received a gift from Trog
 65098 | Zot:1    | Reached XP level 26. HP: 139/192 MP: 23/23
 65769 | Zot:1    | Noticed an orb of fire
 65775 | Zot:1    | Killed an orb of fire
 65818 | Zot:1    | Identified the +0 robe "Mashiq" {rElec rF+ rN+ Str-2}
 66241 | Zot:2    | Received a gift from Trog
 66242 | Zot:2    | Reached skill level 27 in Fighting
 66312 | Zot:2    | You are sucked into a shaft and drop 2 floors!
 66770 | Zot:2    | Noticed an orb of fire
 67339 | Zot:2    | Noticed an orb of fire
 67340 | Zot:2    | Gained mutation: Your magical capacity is low. (-10% MP)
                  | [an orb of fire]
 67344 | Zot:2    | Gained mutation: Your spells are a little easier to cast,
                  | but a little less powerful. [an orb of fire]
 67347 | Zot:2    | Gained mutation: Armour fits poorly on your strangely
                  | shaped body. [an orb of fire]
 67367 | Zot:2    | Gained mutation: You are very weak. (Str -4) [an orb of
                  | fire]
 67372 | Zot:2    | Killed an orb of fire
 67650 | Zot:2    | Gained mutation: Your magical capacity is very low. (-20%
                  | MP) [an orb of fire]
 67674 | Zot:2    | Gained mutation: Your body sometimes deteriorates upon
                  | taking damage. [an orb of fire]
 67679 | Zot:2    | Gained mutation: You occasionally shout uncontrollably at
                  | your foes. [an orb of fire]
 67688 | Zot:2    | Gained mutation: Your magical capacity is extremely low.
                  | (-30% MP) [an orb of fire]
 68220 | Zot:3    | Identified the +5 flail "Moamoudo" {flame, Str-3 Dex+4}
                  | (Trog gifted it to you on level 3 of the Realm of Zot)
 68220 | Zot:3    | Received a gift from Trog
 68633 | Zot:2    | Identified the +7 hand axe of Conscience {drain, *Slow rN+
                  | Int+4}
 68865 | Zot:2    | Gained mutation: You are clumsy. (Dex -2) [an orb of fire]
 68869 | Zot:2    | Gained mutation: You have hidden genetic defects. [an orb
                  | of fire]
 68871 | Zot:2    | Gained mutation: Potions are less effective at restoring
                  | your health. [an orb of fire]
 68938 | Zot:2    | Lost mutation: Your spells are a little easier to cast, but
                  | a little less powerful. [potion of mutation]
 68938 | Zot:2    | Lost mutation: Potions are less effective at restoring your
                  | health. [potion of mutation]
 68938 | Zot:2    | Gained mutation: You are robust. (+10% HP) [potion of
                  | mutation]
 68938 | Zot:2    | Lost mutation: You are robust. (+10% HP) [potion of
                  | mutation]
 68938 | Zot:2    | Gained mutation: You are completely covered in large bone
                  | plates. (SH +8) [potion of mutation]
 68939 | Zot:2    | Lost mutation: You occasionally shout uncontrollably at
                  | your foes. [potion of mutation]
 68939 | Zot:2    | Lost mutation: You are clumsy. (Dex -2) [potion of
                  | mutation]
 68939 | Zot:2    | Lost mutation: Your body sometimes deteriorates upon taking
                  | damage. [potion of mutation]
 68940 | Zot:2    | Lost mutation: You are very weak. (Str -4) [potion of
                  | mutation]
 68940 | Zot:2    | Lost mutation: You are weak. (Str -2) [potion of mutation]
 68940 | Zot:2    | Gained mutation: You have sharp toenails. [potion of
                  | mutation]
 68940 | Zot:2    | Gained mutation: You sometimes lose your temper in combat.
                  | [potion of mutation]
 68940 | Zot:2    | Lost mutation: You sometimes lose your temper in combat.
                  | [potion of mutation]
 69886 | Zot:2    | Killed an orb of fire
 70908 | Zot:3    | Gained mutation: You are weak. (Str -2) [hidden defects]
 71536 | Zot:4    | Reached XP level 27. HP: 117/199 MP: 16/16
 72043 | Zot:4    | Identified the ring "Goriug" {Ice rElec MP+9}
 72043 | Zot:4    | Noticed Josephina
 72058 | Zot:3    | Killed Josephina
 72657 | Zot:4    | Received a gift from Trog
 72712 | Zot:4    | Gained mutation: You occasionally lose the ability to drink
                  | potions when taking damage. [hidden defects]
 72712 | Zot:4    | Lost mutation: You have hidden genetic defects. [hidden
                  | defects expressed]
 72825 | Zot:4    | Lost mutation: Armour fits poorly on your strangely shaped
                  | body. [potion of mutation]
 72825 | Zot:4    | Lost mutation: Your magical capacity is extremely low.
                  | (-30% MP) [potion of mutation]
 72825 | Zot:4    | Gained mutation: You passively dampen the noise of your
                  | surroundings. [potion of mutation]
 72826 | Zot:4    | Lost mutation: You are completely covered in large bone
                  | plates. (SH +8) [potion of mutation]
 72826 | Zot:4    | Lost mutation: You occasionally lose the ability to drink
                  | potions when taking damage. [potion of mutation]
 72826 | Zot:4    | Gained mutation: Your flesh is cold resistant. (rC+)
                  | [potion of mutation]
 72826 | Zot:4    | Lost mutation: You are weak. (Str -2) [potion of mutation]
 73213 | Zot:5    | Entered Level 5 of the Realm of Zot
 74207 | Zot:5    | Noticed an ancient lich
 74251 | Zot:5    | Killed an ancient lich
 74525 | Zot:5    | Noticed an ancient lich
 74537 | Zot:5    | Killed an ancient lich
 74742 | Zot:5    | Noticed an orb of fire
 74743 | Zot:5    | Gained mutation: You are frail. (-10% HP) [an orb of fire]
 74746 | Zot:5    | Gained mutation: You are weak. (Str -2) [an orb of fire]
 74747 | Zot:5    | Noticed a dread lich
 74759 | Zot:5    | Gained mutation: You occasionally lose the ability to read
                  | scrolls when taking damage. [an orb of fire]
 74761 | Zot:5    | Gained mutation: Potions are less effective at restoring
                  | your health. [an orb of fire]
 74764 | Zot:5    | Lost mutation: You are frail. (-10% HP) [an orb of fire]
 74772 | Zot:5    | Killed an orb of fire
 74948 | Zot:5    | Lost mutation: Your flesh is cold resistant. (rC+) [potion
                  | of mutation]
 74948 | Zot:5    | Lost mutation: You are mostly covered in large bone plates.
                  | (SH +6) [potion of mutation]
 74948 | Zot:5    | Lost mutation: You occasionally lose the ability to read
                  | scrolls when taking damage. [potion of mutation]
 74948 | Zot:5    | Gained mutation: Your flesh is cold resistant. (rC+)
                  | [potion of mutation]
 75039 | Zot:5    | Received a gift from Trog
 75078 | Zot:5    | Got the Orb of Zot
 75152 | Zot:3    | Noticed Puybeba the pandemonium lord
 75262 | Zot:1    | Reached skill level 15 in Throwing
 75718 | D:1      | Lost mutation: You are partially covered in large bone
                  | plates. (SH +4) [potion of mutation]
 75718 | D:1      | Lost mutation: You passively dampen the noise of your
                  | surroundings. [potion of mutation]
 75718 | D:1      | Lost mutation: You have sharp toenails. [potion of
                  | mutation]
 75718 | D:1      | Gained mutation: You are robust. (+10% HP) [potion of
                  | mutation]
 75720 | D:$      | Escaped with the Orb!

Illustrated notes

Levels and vault maps discovered:
D:1:      ebering_trefoil_3fold, layout_loops_ring, serial_rivers,
          chequers_serial_rivers_large_b, chequers_serial_rivers_marsh,
          chequers_serial_rivers_micro_e, chequers_serial_rivers_micro_e
D:2:      layout_basic, dreamdust_ecumenical_altar_drowned_temple, basic_altar,
          minmay_misc_feat_chi, hangedman_abyss_or_decor_stabs
D:3:      layout_rooms, minmay_mini_jars, uniq_grinder, uniq_jessica
D:4:      kennysheep_goblin_castle, layout_rooms, grunt_gozag_statues,
          led_sif_pool, amethyst_overflow_temple_binary
D:5:      layout_loops_cross, old_standard_altar,
          yredelemnul_forgotten_temple_becter, minmay_temple_entry_trees,
          kennysheep_cross_bottleneck, hangedman_decor_points
D:6:      layout_loops_ring, nemelex_spade_bored_becter, zin_purify,
          trog_ov_bears_minmay, cheibriados_altar_1,
          cheibrodos_sewer_entry_sluice, minmay_misc_feat_five,
          serial_bayou_ford_a
D:7:      layout_basic, mainiacjoe_overflow_concentric_impassable,
          kennysheep_windowed_goal
D:8:      layout_loops_ring, nicolae_ossuary_entry_plus, serial_shops,
          nicolae_shop_waterfront, minmay_crossroads
D:9:      layout_roguey [special_room_kobold],
          mainiacjoe_overflow_six_doors_small,
          gammafunk_ghost_berserking_beasts, nicolae_shop_overcharged_wands
D:10:     layout_basic, nicolae_uskayaw_murder_on_the_dancefloor,
          erik_lair_island, nicolae_stop_n_shop_2, hangedman_decor_riveting
D:11:     layout_layer_cave, uniq_snorg
D:12:     minmay_inside_and_out, layout_stronghold, erik_orc_1,
          portal_ice_cave_demonic_guard
D:13:     layout_cave_pools, serial_shops, nicolae_stop_n_shop_1,
          gauntlet_entry_generic
D:14:     layout_basic, ximxim_vaults_locker_room, tso_metal_star,
          gammafunk_ghost_icy
D:15:     gammafunk_depths_entry_grave, layout_grid_maze, dreamdust_wishing_well
Lair:1:   layout_regular_city, serial_bayou, serial_bayou_pond_b,
          serial_bayou_lagoon_a, serial_bayou_shore_b, serial_bayou_shore_b,
          chequers_serial_rivers_small_b
Lair:2:   beast_lair_carwin_large_2, layout_gridlike, ice2_lemuel, uniq_amaemon
Lair:3:   layout_long_grid, minmay_swamp_entry_eels, dummy_snake_entry
Lair:4:   layout_cellular_growth, nicolae_slime_entry_slimehenge,
          fungi_pond_lemuel, grunt_megastairs_3, infiniplex_staircase_pool
Lair:5:   hellmonk_lair_end_abyssal_woods, layout_cave_pods,
          ebering_ghost_reflecting_pool, infiniplex_staircase_pool_2
Swamp:1:  layout_falls_marsh, nicolae_swamp_bean_lake, swamp_pool4
Swamp:2:  layout_basic_swamp, evilmike_swamp_ruin_rubble_1, swamp_pool2,
          uniq_nikola
Swamp:3:  layout_basic_swamp, hangedman_swamp_blocks, swamp_pool1,
          nicolae_swamp_well_well_well
Swamp:4:  swamp_pestilence, layout_basic_swamp, uniq_bai_suzhen
Snake:1:  layout_gridlike, serial_shops,
          nicolae_shop_temple_entry_statues_fountains, minmay_shop_star,
          serial_bayou_shore_a, uniq_mlioglotl, uniq_kirke
Snake:2:  layout_gridlike, minmay_shoptagon
Snake:3:  nicolae_aizul_guard, layout_onion_interference, lemuel_fruit_tree,
          uniq_aizul
Snake:4:  grunt_snake_rune_pools, layout_chambers, minmay_shop_grove
Slime:1:  layout_caves
Slime:2:  layout_caves
Slime:3:  layout_caves
Slime:4:  layout_caves
Slime:5
Orc:1:    layout_diamond_mine, basic_altar, nicolae_orc_damp_corner,
          statue_in_the_mist_lemuel
Orc:2:    st_orc_mages, layout_diamond_mine
Elf:1:    nicolae_elf_arrival_fired_up, layout_rooms,
          ebering_ghost_reflecting_pool, hangedman_elven_crosses_minicolossus,
          nicolae_danse_macabre, uniq_agnes
Elf:2:    elven_hall_of_blades_hangedman_alternative
          [nicolae_blade_entry_hurt_lockers], layout_loops_ring,
          grunt_ministairs_9, minivault_5
Elf:3:    minmay_elf_hall_curves, layout_geoelf_castle, ebering_ghost_gozag,
          uniq_roxanne
Vaults:1: vaults_dpeg_ring, ontoclasm_vaults_shuriken, vaults_room_door_ring,
          vaults_dpeg_emergency_exit, ontoclasm_vaults_twist, st_cross,
          serial_ice_g, nicolae_vaults_theta, grunt_vaults_hallway_short,
          vaults_room_corners, layout_vaults_omnigrid, serial_shops,
          nicolae_shop_bloodbath_and_beyond
Vaults:2: v_misc_8, ontoclasm_vaults_chip, vaults_room_grunt_arrival_checkpoint,
          v_misc_26, minmay_crypt_entry_simple_round,
          nicolae_vaults_twisting_passages, nicolae_vaults_circle_grid_b,
          vaults_room_fours, ontoclasm_vaults_claustrophobia,
          vaults_room_corners, ontoclasm_vaults_decontamination,
          nicolae_vaults_gold_heap, layout_vaults_omnicross, serial_shops,
          nicolae_shop_crystal, nicolae_shop_overgrown_old_shop
Vaults:3: nicolae_vaults_octagons, hangedman_vaults_stream,
          nicolae_vaults_theta, nicolae_vaults_shelves_hall,
          nicolae_vaults_network_star, nicolae_vaults_big_ls,
          hangedman_vaults_nails, layout_vaults_chaotic_city, serial_shops,
          nicolae_shop_behind_doors
Vaults:4: nicolae_vaults_border_crossing, ontoclasm_vaults_gateway,
          nicolae_vaults_circle_grid_a, v_pattern_5, vaults_room_boxed,
          vaults_standard_mumra_x, v_misc_9, hangedman_vaults_maws,
          layout_vaults_omnibox, uniq_margery
Vaults:5
Depths:1: layout_cave_shapes, elyvilon_altar_3, grunt_metal_band,
          minmay_strange_pillars, hangedman_decor_diamond_cutter,
          nicolae_kikubaaqudgha_miasma_corner, uniq_mara
Depths:2: cheibrodos_leafed_vault, layout_gridlike, pan_entry,
          hangedman_coc_ice_floe, wad_floor_pattern_untrapped,
          infiniplex_staircase_zigzag_1
Depths:3: cell_vault, layout_gridville, enter_ziggurat_e, dk_noncrumbling_2,
          hell_entry, minmay_room_of_horrors, nicolae_trove_entry_path_of_doom,
          minmay_staircase_statues
Depths:4: evilmike_zot_entry_argh, layout_small_grid, hell_entry
Zot:1:    lemuel_acid_trip, layout_concentric_octagons, evilmike_ambush
          [evilmike_ambush_outer_doors, evilmike_ambush_inner_basic]
Zot:2:    dreamdust_black_sun_cult, layout_concentric_octagons,
          skrybe_zot_glass_2
Zot:3:    layout_cathedral_of_symmetry
Zot:4:    layout_misc_corridors, uniq_josephina
Zot:5:    layout_cellular_growth

Skill      XL: |  1  2  3  4  5  6  7  8  9 10 11 12 13 14 15 16 17 18 19 20 21 22 23 24 25 26 27 |
---------------+----------------------------------------------------------------------------------+-----
Fighting       | 4 6 7 9 10 12 13 14 15 16 18 19 20 21 22 24 25 26 27 | 27.0
Maces & Flails | 3 5 6 8 9 11 12 13 15 16 17 18 | 18.6
Armour         | 4 6 7 9 11 13 15 16 | 16.9
Shields        | 5 8 10 12 13 15 16 17 18 19 20 21 22 23 | 23.9
Evocations     | 4 7 9 |  9.2
Stealth        | 5 8 |  8.8
Throwing       | 3 6 8 10 11 12 13 15 | 15.1
Dodging        | 5 7 9 11 14 16 17 19 | 19.0

Action                     |  1- 3 |  4- 6 |  7- 9 | 10-12 | 13-15 | 16-18 | 19-21 | 22-24 | 25-27 || total
---------------------------+-------+-------+-------+-------+-------+-------+-------+-------+-------++-------
  Melee: Flail             |    97 |   145 |   279 |   104 |    85 |       |       |       |       ||   710
         Eveningstar       |       |       |   129 |   587 |   371 |  1658 |  1882 |  1945 |  1618 ||  8190
         Morningstar       |       |       |       |       |   795 |       |       |    10 |   241 ||  1046
  Throw: Dart              |       |       |     6 |    11 |       |     1 |       |     1 |       ||    19
         Boomerang         |       |       |       |       |       |     8 |    37 |    45 |   351 ||   441
         Throwing net      |       |       |       |       |       |       |       |     2 |       ||     2
         Javelin           |       |       |       |       |       |       |       |     2 |       ||     2
 Invoke: Berserk           |       |     1 |     7 |     6 |     5 |     6 |     5 |     1 |     5 ||    36
         Trog's Hand       |       |     1 |       |       |     3 |     1 |     4 |     4 |     7 ||    20
         Brothers in Arms  |       |       |       |       |     1 |     3 |     4 |     5 |     4 ||    17
  Evoke: Wand              |       |       |       |    15 |    19 |     4 |    11 |    11 |     5 ||    65
         Phial of floods   |       |       |       |       |     1 |       |       |       |     1 ||     2
         Lightning rod     |       |       |       |       |       |       |     1 |     3 |       ||     4
         Condenser vane    |       |       |       |       |       |       |       |     2 |     2 ||     4
    Use: Potion            |       |     1 |     4 |     2 |     6 |     2 |     2 |    10 |    16 ||    43
         Scroll            |       |    12 |    12 |    12 |     5 |     9 |     8 |    18 |    27 ||   103
   Stab: Sleeping          |       |       |       |       |     3 |       |       |     7 |     4 ||    14
         Distracted        |       |       |       |       |       |     1 |       |     4 |     2 ||     7
         Held in net/web   |       |       |       |       |       |       |       |     3 |       ||     3
 Armour: Scale mail        |    38 |    78 |   202 |       |       |       |       |       |       ||   318
         Ring mail         |       |       |    23 |   264 |   192 |       |       |       |       ||   479
         Chain mail        |       |       |     5 |       |       |       |       |       |       ||     5
         Plate armour      |       |       |       |    23 |   367 |   736 |   662 |    61 |       ||  1849
         Skin              |       |       |       |       |     4 |       |       |       |       ||     4
         Fire dragon scale |       |       |       |       |       |       |       |   352 |   455 ||   807
  Dodge: Dodged            |    34 |    69 |   203 |   346 |   505 |   427 |   489 |   701 |   868 ||  3642
  Block: Buckler           |    23 |    35 |    79 |    46 |       |       |       |       |       ||   183
         Kite shield       |       |       |       |   152 |   315 |       |       |       |       ||   467
         Tower shield      |       |       |       |       |   604 |  1870 |  1911 |  2009 |  2035 ||  8429
         Reflection        |       |       |       |       |       |    62 |    57 |       |       ||   119

Table legend: (Time is in decaauts)
 A = Elapsed time spent in this place.
 B = Non-inter-level travel time spent in this place.
 C = Inter-level travel time spent in this place.
 D = Time resting spent in this place.
 E = Time spent auto-exploring this place.
 F = Levels seen in this place.
 G = Mean time per level.
                   A        B        C        D        E       F      G
               +--------+--------+--------+--------+--------+-----+--------+
         Total |  76376 |  69640 |   6736 |  11146 |  36695 |  57 | 1339.9 |
       Dungeon |  18004 |  15550 |   2454 |   1415 |   9916 |  15 | 1200.3 |
          Lair |   8659 |   7671 |    988 |   1235 |   4585 |   5 | 1731.8 |
         Swamp |   4823 |   4611 |    212 |   1168 |   2076 |   4 | 1205.8 |
     Snake Pit |   5391 |   5179 |    212 |    610 |   3178 |   4 | 1347.8 |
    Slime Pits |   1612 |   1463 |    149 |    407 |    219 |   5 |  322.4 |
  Orcish Mines |   2390 |   2081 |    309 |    510 |    997 |   2 | 1195.0 |
   Elven Halls |   5790 |   5382 |    408 |    832 |   2611 |   3 | 1930.0 |
        Vaults |   9350 |   8495 |    855 |    723 |   5192 |   5 | 1870.0 |
        Depths |   6728 |   6119 |    609 |    711 |   3501 |   4 | 1682.0 |
           Zot |  11133 |  10597 |    536 |   2988 |   3884 |   5 | 2226.6 |
         Abyss |    441 |    441 |      0 |     94 |      0 |   1 |  441.0 |
         Sewer |    406 |    406 |      0 |      0 |    248 |   1 |  406.0 |
       Ossuary |    417 |    417 |      0 |      0 |    174 |   1 |  417.0 |
      Ice Cave |    555 |    555 |      0 |    425 |      0 |   1 |  555.0 |
      Gauntlet |    670 |    670 |      0 |     24 |    110 |   1 |  670.0 |
               +--------+--------+--------+--------+--------+-----+--------+

Top non-repeatable levels by time:
   Zot:1: 3156 daAuts
   Zot:2: 2757 daAuts
   Elf:3: 2680 daAuts
Vaults:3: 2440 daAuts
   Zot:3: 2437 daAuts
 Snake:4: 2347 daAuts
    D:10: 2291 daAuts
  Lair:2: 2112 daAuts
Depths:3: 2084 daAuts
    D:12: 2053 daAuts
Vaults:1: 2005 daAuts
 Swamp:3: 1983 daAuts
  Lair:5: 1961 daAuts
Depths:4: 1920 daAuts
Vaults:2: 1800 daAuts
